 Dungeon Crawl Stone Soup version 0.17-a0-1716-gdf19ebb (webtiles) character file.

147 Kirisoku the Shield-Bearer (level 5, -5/47 HPs)
             Began as a Minotaur Fighter on Aug 21, 2015.
             Slain by Rationalist's ghost (6 damage)
             ... on level 3 of the Dungeon on Aug 24, 2015.
             The game lasted 00:08:32 (2303 turns).

Kirisoku the Shield-Bearer (Minotaur Fighter)       Turns: 2303, Time: 00:08:35

Health: -5/47      AC: 12    Str: 27    XL:     5   Next: 8%
Magic:  4/4        EV:  7    Int:  5    God:
Gold:   154        SH: 10    Dex:  9    Spells: 0 memorised, 4 levels left

rFire  . . .     SeeInvis .     s - +4 morningstar (crush)
rCold  . . .     Clarity  .     t - +0 chain mail
rNeg   . . .     SustAt   .     b - +0 shield
rPois  +         Gourm    +     (helmet restricted)
rElec  .         Spirit   .     (no cloak)
rCorr  .         Warding  .     g - +0 pair of gloves
rMut   .         Stasis   .     x - +0 pair of boots
MR     .....                    u - amulet of the gourmand
Stlth  ..........               q - ring of poison resistance
                                p - ring of poison resistance

@: mighty, very slightly contaminated, invisible, not resistant to hostile
enchantments, extremely unstealthy
A: retaliatory headbutt, horns 2
a: no special abilities


You were on level 3 of the Dungeon.
You were not hungry.

You visited 1 branch of the dungeon, and saw 3 of its levels.

You collected 154 gold pieces.

Inventory:

Hand weapons
 s - a +4 morningstar of crushing (weapon)
Missiles
 e - a throwing net (quivered)
Armour
 b - a +0 shield (worn)
 g - a +0 pair of gloves (worn)
 t - a +0 chain mail (worn)
 x - a +0 pair of boots (worn)
Jewellery
 p - a ring of poison resistance (left hand)
 q - a ring of poison resistance (right hand)
 u - an amulet of the gourmand (around neck)
Scrolls
 i - a scroll of remove curse
 k - a scroll of enchant armour {unknown}
 l - a scroll of amnesia {unknown}
 w - 3 scrolls of identify {unknown}
 y - a scroll of teleportation {unknown}
Potions
 f - 3 potions of lignification {unknown}
 h - a potion of brilliance {unknown}
 m - 2 potions of cure mutation {unknown}
 n - a potion of flight {unknown}
 o - a potion of heal wounds {unknown}
 r - a potion of magic {unknown}
 v - a potion of haste {unknown}
Comestibles
 d - a bread ration


   Skills:
 + Level 4.7 Fighting
 * Level 0.8 Maces & Flails
 + Level 4.4 Armour
 + Level 1.8 Dodging
 + Level 4.7 Shields
 + Level 2.7 Unarmed Combat


You had 4 spell levels left.
You didn't know any spells.

Dungeon Overview and Level Annotations

Branches:
Dungeon (3/15)

Altars:
Kikubaaqudgha

Annotations:
D:3 Rationalist's ghost, average NaBe


Innate Abilities, Weirdness & Mutations

You reflexively headbutt those who attack you in melee.
You have a pair of horns on your head.


Message History

It is a scroll of enchant weapon.
Enchant which weapon? (? for menu, Esc to quit)
Your +3 morningstar of crushing glows red for a moment.
Rationalist's ghost mumbles, "They all look like pillowcases to me..."
Rationalist's ghost hits you but does no damage.
You feel very mighty all of a sudden. Rationalist's ghost hits you.
* * * LOW HITPOINT WARNING * * *
You barely miss Rationalist's ghost.
Your headbutt misses Rationalist's ghost.
Rationalist's ghost is heavily damaged.
Rationalist's ghost hits you!
* * * LOW HITPOINT WARNING * * *
You closely miss Rationalist's ghost.
Your headbutt misses Rationalist's ghost.
Rationalist's ghost is heavily damaged.
Rationalist's ghost hits you.
* * * LOW HITPOINT WARNING * * *
Rationalist's ghost hits you.
You die...

##################
#.................
#.######.....#####
##.## #.....#
#.@.# #.....#
#)W.# #.....#
#...# #.....#
....# #######
#.#..# ._...#
##.#..# #.....


You could see Rationalist's ghost.

Vanquished Creatures
  Terence (D:2)
  5 adders
  3 oozes
  2 worms (D:2)
  3 giant geckos (D:2)
  An orc (D:2)
  3 ball pythons
  A giant cockroach (D:2)
  6 goblins
  2 hobgoblins
  12 jackals
  2 quokkas (D:2)
  4 bats
  3 giant newts
  5 kobolds
  5 rats
58 creatures vanquished.

Notes
Turn   | Place    | Note
--------------------------------------------------------------
     0 | D:1      | Kirisoku the Minotaur Fighter began the quest for the Orb.
     0 | D:1      | Reached XP level 1. HP: 19/19 MP: 0/0
     0 | D:1      | Upgraded the game from 0.17-a0-1701-gf693a3f to 0.17-a0-1716-gdf19ebb
   357 | D:1      | Reached XP level 2. HP: 27/27 MP: 1/1
   401 | D:1      | Reached skill level 4 in Fighting
   900 | D:2      | Reached XP level 3. HP: 33/33 MP: 2/2
  1256 | D:2      | Reached XP level 4. HP: 36/41 MP: 3/3
  1271 | D:2      | Reached skill level 1 in Dodging
  1608 | D:2      | Noticed Terence
  1620 | D:2      | Killed Terence
  2251 | D:3      | Reached XP level 5. HP: 47/47 MP: 4/4
  2285 | D:3      | Noticed Rationalist's ghost (average NaBe)
  2286 | D:3      | Found an ancient bone altar of Kikubaaqudgha.
  2302 | D:3      | HP: 2/47 [Rationalist's ghost (9)]
  2303 | D:3      | Slain by Rationalist's ghost

Vault maps used:
D:1:      minmay_arrival_cross
D:2:      uniq_terence
D:3:      wad_river_or_something, lemuel_crystal_altar, hex_large, uniq_iyjb

Action                   |  1- 3 |  4- 6 || total
-------------------------+-------+-------++-------
Melee: Unarmed           |   119 |    56 ||   175
       Morningstar       |       |    32 ||    32
Throw: Throwing net      |     1 |       ||     1
  Use: Scroll            |       |     2 ||     2
       Potion            |       |     2 ||     2
  Eat: Meat ration       |       |     1 ||     1
